Unix NetHack Version 5.0.0-0 post-release - last build Jun 10 2026 00:39:30 (3ee93aec679c4c4259841fe613dc97188e26a321,branch:main).

Game began 2026-06-12 19:48:35, ended 2026-06-12 20:05:10.

Ch3Begorrah, chaotic male human Rogue

                                                         --------------
                               ------                    |.......@....|
                               |....|                    |......@.r..r|
                               |....|                    +..........`r|
                              #-....|                    ---------.-+--
                              #|....-#                           ## ^
                              #------#                        ####
                              #      #                       -|---
                              #      #                       |...|
                              #      #                       |...|
                              #      #                    #  |..[----
                              #      ###                  ###.......|
                              ##       #                  ## |...>..|
                ---------------#       ### ----------------# |......|
                |.............|#         # |.....^.........# ----...|
                |.............-#         ##...............|#    |...|
                |.....<.......|            |..............+     |...|
                ---------------            ----------------     -----

Ch3Begorrah the Cutpurse  St:11 Dx:18 Co:16 In:9 Wi:10 Ch:11  Chaotic
Dlvl:3  $:187 HP:0(25) Pw:11(11) AC:7  Xp:3 T:1206 

Latest messages:
 The iguana bites!
 You hit the iguana.
 The iguana bites!
 You hit the iguana.
 The iguana bites!
 You kill the iguana!
 You find a teleportation trap.
 Something is written here in the dust.
 You read: "ad a?ra?  m".
 In what direction? j
 The door closes.
 What do you want to use or apply? [efj or ?*] e
 In what direction? j
 Lock it? [ynq] (q) y
 You succeed in locking the door.
 The wererat summons help!
 A sewer rat suddenly appears next to you!
 A sewer rat suddenly appears next to you!
 A sewer rat suddenly appears next to you!
 A sewer rat suddenly appears next to you!
 The wererat hits!
 The sewer rat bites!
 The sewer rat misses!
 What do you want to write with? [- abhiop or ?*] -
 You write in the dust with your fingertip.
 What do you want to write in the dust here? 
 Never mind.
 What do you want to write with? [- abhiop or ?*] -
 You write in the dust with your fingertip.
 What do you want to write in the dust here? Elbereth
 The sewer rat turns to flee.
 The sewer rat turns to flee.
 The sewer rat turns to flee.
 The sewer rat turns to flee.
 The wererat hits!
 b - a +0 dagger (weapon in right hand).
 What do you want to use or apply? [efj or ?*] f
 u - 2 scrolls labeled ZLORFIK.
 The wererat hits!
 What do you want to read? [tuvwI or ?*] u
 You read the scroll.
 The scroll erupts in a tower of flame!
 Boom!
 The wererat is caught in the tower of flame!
 The wererat's leather armor smoulders!
 Your leather armor smoulders!
 The sewer rat turns to flee.
 The wererat hits!
 You die...
 Do you want your possessions identified? [ynq] (y) q

Inventory:
 Coins    ('$')
  $ - 187 gold pieces
 Weapons  (')')
  b - a +0 dagger (weapon in right hand)
  o - 8 +0 daggers (at the ready)
  p - a +0 elven dagger
  i - a +0 spear
  a - a +0 short sword (alternate weapon; not wielded)
 Armor    ('[')
  c - an uncursed burnt +1 leather armor (being worn)
 Comestibles  ('%')
  n - an uncursed cram ration
  m - an uncursed fortune cookie
  H - an uncursed lichen corpse
 Scrolls  ('?')
  v - 4 uncursed scrolls of enchant armor
  w - a cursed scroll of enchant weapon
  u - an uncursed scroll of fire
  I - an uncursed scroll of identify
  t - a cursed scroll of remove curse
 Potions  ('!')
  l - an uncursed potion of blindness
  g - 2 blessed potions of healing
  r - 2 uncursed potions of monster detection
  d - an uncursed potion of sickness
 Rings    ('=')
  h - a cursed ring of hunger named cursd
 Tools    ('(')
  f - an empty uncursed sack
  e - an uncursed lock pick
  j - an uncursed lock pick

Ch3Begorrah the Rogue's attributes:

Background:
 You were a Cutpurse, a level 3 male human Rogue.
 You were chaotic, nominally on a mission for Kos
 who was opposed by Issek (lawful) and Mog (neutral).
 You were right-handed.
 You were in the Dungeons of Doom, on level 3.
 You entered the dungeon 1206 turns ago.
 You had 61 experience points, 19 more were needed to attain level 4.

Basics:
 You had 0 out of 25 hit points.
 You had all 11 energy points (spell power).
 Your armor class was 8.
 Your wallet contained 187 zorkmids.
 Autopickup was on for '$!/(' plus thrown, with exceptions.

Final Characteristics:
 Your strength was 11 (limit:18/100).
 Your dexterity was 18 (limit:18).
 Your constitution was 16 (limit:18).
 Your intelligence was 9 (limit:18).
 Your wisdom was 10 (limit:18).
 Your charisma was 11 (limit:18).

Final Status:
 You weren't hungry.
 You were unencumbered.
 You were wielding a dagger.
 You had basic skill with dagger.

Final Attributes:
 You were devoutly aligned.
 You were stealthy.
 You were warded.
 You are dead.

Miscellaneous:
 You encountered 1 bones level.
 Total elapsed playing time was 16 minutes and 34 seconds.

Major events:
 Turn
    1: Ch3Begorrah the chaotic male human Rogue entered the dungeon
  499: entered the Gnomish Mines
  769: read a Discworld novel
  958: attained the rank of Cutpurse (level 3)
 1206: killed by a wererat

You didn't know any spells.

Skills:
 Fighting Skills
   bare handed combat [Unskilled]
   two weapon combat  [Unskilled]
   riding             [Unskilled]
 Weapon Skills
   dagger             [Basic]
   knife              [Unskilled]
   short sword        [Basic]
   broadsword         [Unskilled]
   long sword         [Unskilled]
   two-handed sword   [Unskilled]
   saber              [Unskilled]
   club               [Unskilled]
   mace               [Unskilled]
   morning star       [Unskilled]
   flail              [Unskilled]
   hammer             [Unskilled]
   polearms           [Unskilled]
   spear              [Unskilled]
   crossbow           [Unskilled]
   dart               [Unskilled]
   shuriken           [Unskilled]
 Spellcasting Skills
   divination spells  [Unskilled]
   escape spells      [Unskilled]
   matter spells      [Unskilled]

Voluntary challenges:
 Character rerolling was not enabled.
 You followed a strict vegan diet.
 You were an atheist.
 You never genocided any monsters.
 You never polymorphed an object.
 You never changed form.
 You used no wishes.
Achievements:
 You entered the Gnomish Mines.
 You entered a shop.
 You read from a Discworld novel.
 You attained the rank of Cutpurse.

 The Dungeons of Doom: levels 1 to 4
    Level 1:
       A fountain.
    Level 2:
       A scroll shop, a fountain.
       Stairs down to The Gnomish Mines.
    Level 3: <- You were here.
       Final resting place for
          you, killed by a wererat.
    Level 4:
 The Gnomish Mines: levels 3 to 4
    Level 3:
    Level 4:
       Final resting place for
          Aranth-Wiz-Elf-Fem-Cha, killed by a hill orc.


Vanquished creatures:
  a floating eye
  a homunculus
  a werejackal
 an iguana
  a hobbit
  a gnome
  a gecko
  2 jackals
  2 grid bugs
  2 lichens
  2 kobold zombies
  3 newts
18 creatures vanquished.

No species were genocided or became extinct.

Game over:
                       ----------
                      /          \
                     /    REST    \
                    /      IN      \
                   /     PEACE      \
                  /                  \
                  |   Ch3Begorrah    |
                  |      187 Au      |
                  |   killed by a    |
                  |     wererat      |
                  |                  |
                  |                  |
                  |       2026       |
                 *|     *  *  *      | *
        _________)/\\_//(\/(/\)/\//\/|_)_______

Goodbye Ch3Begorrah the Rogue...

You died in The Dungeons of Doom on dungeon level 3 with 583 points,
and 187 pieces of gold, after 1206 moves.
You were level 3 with a maximum of 25 hit points when you died.

